 Dungeon Crawl Stone Soup version 0.24-b1 (webtiles) character file.

Game seed: 3597692419770947616, levelgen mode: deterministic

214 Kohma the Insei (level 5, -7/33 HPs)
             Began as an Octopode Transmuter on Oct 12, 2019.
             Was an Initiate of Makhleb.
             Killed by nerve-wracking pain
             ... invoked by Menkaure
              (10 damage)
             ... on level 4 of the Dungeon.
             The game lasted 00:07:58 (3946 turns).

Kohma the Insei (Octopode Transmuter)               Turns: 3946, Time: 00:07:58

Health: -7/33      AC:  2    Str: 13    XL:     5   Next: 91%
Magic:  6/8        EV: 20    Int: 15    God:    Makhleb [......]
Gold:   223        SH:  5    Dex: 18    Spells: 3/9 levels left

rFire    . . .     SeeInvis .     - Unarmed
rCold    . . .     Gourm    .   (shield currently unavailable)
rNeg     . . .     Faith    .   (helmet currently unavailable)
rPois    x         Spirit   .   w - +5 amulet of reflection
rElec    .         Reflect  +   g - ring of stealth
rCorr    .         Harm     .   x - +3 ring of strength
MR       .....                  (no ring)
Stlth    +++.......             (no ring)
HPRegen  0.11/turn              (no ring)
MPRegen  0.11/turn              (no ring)
                                (no ring)
                                (no ring)

@: spider-form (expiring), hasted, very quick
A: tiny, almost no armour, stealthy swim, (amphibious), 8 rings, (constrict 8)
a: End Transformation, Renounce Religion


You were on level 4 of the Dungeon.
You worshipped Makhleb.
Makhleb was noncommittal.
You were not hungry.
You were a venomous arachnid creature.
You visited 1 branch of the dungeon, and saw 4 of its levels.

You collected 223 gold pieces.

Inventory:

Missiles
 a - 39 arrows
 e - 8 atropa-tipped darts (quivered)
Jewellery
 g - a ring of stealth (left front leg)
 j - an uncursed ring of fire
 w - a +5 amulet of reflection (around neck)
 x - a +3 ring of strength (right front leg)
Wands
 o - a wand of paralysis (12)
Scrolls
 i - 2 scrolls of remove curse
 k - a scroll of enchant armour {unknown}
 m - a scroll of teleportation
 p - a scroll of magic mapping
 t - a scroll of identify
Potions
 d - 4 potions of agility
 f - a potion of heal wounds {unknown}
 h - a potion of brilliance {unknown}
 l - 3 potions of curing
 n - a potion of mutation {unknown}
 q - a potion of resistance {unknown}
 r - a potion of haste
 s - a potion of magic {unknown}
 u - 2 potions of lignification {unknown}
Comestibles
 b - 2 chunks of flesh
 c - 8 rations


   Skills:
 - Level 1.0 Fighting
 - Level 2.0 Dodging
 - Level 5.0 Unarmed Combat
 + Level 2.5 Spellcasting
 - Level 3.1 Transmutations
 * Level 2.6 Poison Magic


You had 3 spell levels left.
You knew the following spells:

 Your Spells              Type           Power        Failure   Level  Hunger
a - Beastly Appendage     Tmut           ##....       17%         1    #......
b - Sticks to Snakes      Tmut           ##......     22%         2    ###....
c - Spider Form           Tmut/Pois      ##........   38%         3    ###....

Your spell library contained the following spells:

 Spells                   Type           Power        Failure   Level  Hunger
 Ice Form                 Ice/Tmut       #.......     88%         4    #####..
 Blade Hands              Tmut           ##........   95%         5    ######.


Dungeon Overview and Level Annotations

Branches:
Dungeon (4/15)
 Temple: D:4-7

Altars:
Ashenzari
Dithmenos
Elyvilon
Gozag
Makhleb
Trog

Annotations:
D:4 Menkaure


Innate Abilities, Weirdness & Mutations

You cannot wear most types of armour.
You are very stealthy in the water. (Stealth+)
((You are amphibious.))
You can wear up to eight rings at the same time.
((You can use your tentacles to constrict eight enemies at once.))
((Your skin changes colour to match your surroundings (Stealth+).))
((Your rubbery body absorbs attacks. (AC +1, EV +1)))


Message History

You barely miss Menkaure.
Menkaure is severely damaged.
You hit Menkaure.
Menkaure is severely damaged.
Menkaure casts a spell.
Menkaure seems to speed up.
You completely miss Menkaure.
Menkaure is severely damaged.
Menkaure rustles, "From dust you came, to dust you will return."
Menkaure barely misses you.
You hit Menkaure.
Menkaure is almost destroyed.
Menkaure whispers, "Let me perform the rites..."
Menkaure casts a spell at you. Pain shoots through your body!
* * * LOW HITPOINT WARNING * * *
You feel yourself speed up.
Menkaure points at you and mumbles some strange words.
Pain shoots through your body!
You die...

############ #########*
#..........# #.......,*
#..........# #....#**,*
...........# #.sM.# *,*
...........####....#**,*
..............#....+<*,*
..............#....#**,*
###..######...#....# *,# ##.#
#...#....###.#
####.######...#####....###***
..........+...'............>*
#####.###.#...#####+##+####******


You could see Menkaure.

Vanquished Creatures
  A hound (D:4)
  3 worker ants (D:4)
  7 adders
  2 dart slugs (D:1)
  8 bats
  5 giant cockroaches
  6 goblins
  2 hobgoblins
  4 jackals
  7 frilled lizards
  5 kobolds
  A leopard gecko skeleton (D:4)
  3 rats
54 creatures vanquished.

Notes
Turn   | Place    | Note
-------+----------+-------------------------------------------
     0 | D:1      | Kohma the Octopode Transmuter began the quest for the Orb.
     0 | D:1      | Reached XP level 1. HP: 13/13 MP: 3/3
   546 | D:1      | Reached XP level 2. HP: 13/18 MP: 3/5
   902 | D:1      | Reached skill level 4 in Unarmed Combat
  1303 | D:2      | Reached XP level 3. HP: 23/23 MP: 4/6
  1307 | D:2      | Learned a level 2 spell: Sticks to Snakes
  1311 | D:2      | Learned a level 3 spell: Spider Form
  1498 | D:2      | Found a shadowy altar of Dithmenos.
  1515 | D:2      | Found a shattered altar of Ashenzari.
  1515 | D:2      | Found a white marble altar of Elyvilon.
  1581 | D:2      | Found an opulent altar of Gozag.
  1756 | D:2      | Found a burning altar of Makhleb.
  1776 | D:2      | Became a worshipper of Makhleb the Destroyer
  1903 | D:2      | Reached XP level 4. HP: 24/28 MP: 5/7
  2733 | D:3      | Reached skill level 5 in Unarmed Combat
  2811 | D:3      | Found a bloodstained altar of Trog.
  2818 | D:3      | Reached skill level 1 in Poison Magic
  3360 | D:4      | Reached XP level 5. HP: 33/33 MP: 6/8
  3927 | D:4      | Noticed Menkaure
  3946 | D:4      | Killed from afar by Menkaure

Skill      XL: |  1  2  3  4  5 |
---------------+----------------+-----
Unarmed Combat | 4 5 |  5.0
Poison Magic   | 1 2 |  2.6
Transmutations | 3 |  3.1
Fighting       | |  1.0
Dodging        | |  2.0
Spellcasting   | |  2.5

Action                   |  1- 3 |  4- 6 || total
-------------------------+-------+-------++-------
Melee: Unarmed           |    71 |    73 ||   144
       Constrict         |    25 |    13 ||    38
       Tentacles         |    10 |     5 ||    15
       Kick              |    10 |    13 ||    23
       Punch             |       |     1 ||     1
 Cast: Beastly Appendage |    24 |    16 ||    40
       Spider Form       |       |     2 ||     2
       Sticks to Snakes  |       |     1 ||     1
  Use: Scroll            |       |     9 ||     9
       Potion            |       |     2 ||     2
 Stab: Sleeping          |    13 |     2 ||    15
  Eat: Chunk             |     3 |     7 ||    10
Armor: Skin              |     8 |     3 ||    11
Dodge: Dodged            |    46 |    39 ||    85
Block: Other             |       |     7 ||     7
